 Dungeon Crawl Stone Soup version 0.18.1-5-g4a78601 (webtiles) character file.

114 Northaan the Shooter (level 4, -4/38 HPs)
             Began as a Centaur Hunter on May 10, 2016.
             Slain by a gnoll
             ... wielding a +0 whip
              (10 damage)
             ... on level 2 of the Dungeon.
             The game lasted 00:04:38 (3623 turns).

Northaan the Shooter (Centaur Hunter)               Turns: 3623, Time: 00:04:39

Health: -4/38      AC:  7    Str: 15    XL:     4   Next: 67%
Magic:  4/4        EV:  9    Int: 10    God:
Gold:   163        SH:  0    Dex: 10    Spells: 0 memorised, 3 levels left

rFire  . . .     SeeInvis .     b - +0 short sword
rCold  . . .     Gourm    +     c - +0 leather armour
rNeg   + . .     Faith    .     (no shield)
rPois  .         Spirit   .     (no helmet)
rElec  .         Dismiss  .     (no cloak)
rCorr  .         Reflect  .     k - +2 pair of gloves
SustAt .         Harm     .     (no barding)
MR     .....                    w - amulet of the gourmand
Stlth  +.........               (no ring)
                                l - ring of positive energy

@: very quick, not resistant to hostile enchantments, very unstealthy
A: hooves 3, deformed body, speed 2, tough skin 3
a: no special abilities


You were on level 2 of the Dungeon.
You were not hungry.

You visited 1 branch of the dungeon, and saw 3 of its levels.

You collected 163 gold pieces.

Inventory:

Hand Weapons
 a - a +1 shortbow
 b - a +0 short sword (weapon)
Armour
 c - a +0 leather armour (worn)
 k - a +2 pair of gloves (worn)
Jewellery
 j - an uncursed amulet of magic regeneration
 l - a ring of positive energy (left hand)
 v - an uncursed amulet of faith
 w - an amulet of the gourmand (around neck)
Scrolls
 i - 2 scrolls of remove curse {unknown}
 m - a scroll of fear {unknown}
 n - 2 scrolls of recharging {unknown}
 r - a scroll of noise {unknown}
 s - a scroll of magic mapping {unknown}
 t - 3 scrolls of identify {unknown}
 u - 2 scrolls of amnesia {unknown}
Potions
 e - 2 potions of curing {unknown}
 o - a potion of brilliance {unknown}
 q - a potion of mutation {unknown}
Comestibles
 f - 4 bread rations
 g - a royal jelly
 h - 6 fruits
 p - 2 meat rations


   Skills:
 * Level 3.2 Fighting
 * Level 6.5 Bows
 + Level 1.0 Armour
 + Level 1.9 Dodging
 - Level 0.5 Stealth


You had 3 spell levels left.
You didn't know any spells.

Dungeon Overview and Level Annotations

Branches:
Dungeon (3/15)

Altars:
Fedhas


Innate Abilities, Weirdness & Mutations

You have hooves in place of feet.
Armour fits poorly on your strangely shaped body.
You cover ground very quickly.
You have extremely tough skin (AC +3).


Message History

The gnoll hits you with a halberd! The gnoll closely misses you.
You hit the gnoll.
The gnoll is moderately wounded.
The gnoll closely misses you. The gnoll hits you with a whip.
You hit the gnoll. Your kick misses the gnoll.
The gnoll is severely wounded.
The gnoll closely misses you. The gnoll barely misses you.
You barely miss the gnoll.
The gnoll is severely wounded.
The gnoll completely misses you. The gnoll hits you with a halberd.
* * * LOW HITPOINT WARNING * * *
You barely miss the gnoll.
The gnoll is severely wounded.
The gnoll hits you with a whip.
* * * LOW HITPOINT WARNING * * *
The gnoll closely misses you.
You hit the gnoll.
The gnoll is almost dead.
The gnoll hits you with a whip!
You die...

#..#.# #.# ##.#....##.. #....#
#.# #.###>..##.# #.#### ##'##
##.#....##.# #.# ##...##
##.##.###.. #.## ##.....##
####.# #.# #..## ##.......##
##.##.# #.#
##...####.........####...#.###..
#.......'.....g...'...........(.
##...####......@..####...#.#####
#....# ##....g..## ###.##.#####
####.# ##.....## #..).......#
#.# ##...## #.#.##.#.#.# #.#
##+## #.#.##.#.#.# #.# #.#
#.#....#.#.# #.# #####.###
#.#..###.#.# ####.###.......#
#.#..###.#.# #.....##.##....#
#........#.#


You could see 2 gnolls.

Vanquished Creatures
  A gnoll (D:3)
  An adder (D:2)
  2 oozes
  4 worms
  3 dart slugs
  A giant gecko (D:3)
  2 orcs (D:3)
  4 giant cockroaches
  4 goblins
  6 hobgoblins
  3 jackals (D:1)
  A quokka (D:2)
  6 bats
  5 giant newts
  15 kobolds
  5 rats
63 creatures vanquished.

Notes
Turn   | Place    | Note
--------------------------------------------------------------
     0 | D:1      | Northaan the Centaur Hunter began the quest for the Orb.
     0 | D:1      | Reached XP level 1. HP: 17/17 MP: 1/1
   293 | D:1      | Reached XP level 2. HP: 19/24 MP: 2/2
   637 | D:1      | Reached skill level 6 in Bows
   717 | D:1      | Reached XP level 3. HP: 23/30 MP: 3/3
  1629 | D:2      | Found a blossoming altar of Fedhas.
  1705 | D:2      | Found a faded altar to an unknown god.
  2290 | D:2      | Reached XP level 4. HP: 23/37 MP: 4/4
  3324 | D:3      | Reached skill level 1 in Armour
  3623 | D:2      | Slain by a gnoll

Skill      XL: |  1  2  3  4 |
---------------+-------------+-----
Bows           | 6 |  6.5
Fighting       | 3 |  3.2
Armour         | 1 |  1.0
Dodging        | |  1.9
Stealth        | |  0.5

Action                   |  1- 3 |  4- 6 || total
-------------------------+-------+-------++-------
Melee: Short sword       |   180 |    87 ||   267
       Kick              |    32 |    15 ||    47
 Fire: Shortbow          |    25 |    28 ||    53
  Eat: Chunk             |     1 |     5 ||     6
       Fruit             |     1 |       ||     1
Armor: Leather armour    |    77 |    46 ||   123
Dodge: Dodged            |   108 |    54 ||   162
